 Dungeon Crawl Stone Soup version 0.30-b1-5-g8e6c1be481 (webtiles) character file.

Game seed: 8899778955064652584

105 Mysteryquy the Insei (level 4, 0/35 HPs)
             Began as a Draconian Transmuter on May 4, 2023.
             Slain by a river rat (8 damage)
             ... on level 4 of the Dungeon.
             The game lasted 00:02:29 (2085 turns).

Mysteryquy the Insei (Draconian Transmuter)         Turns: 2085, Time: 00:02:30

Health: 0/35       AC:  5    Str: 12    XL:     4   Next: 54%
Magic:  6/7        EV: 12    Int: 13    God:
Gold:   142        SH:  0    Dex: 14    Spells: 6/7 levels left

rFire   . .          .
                       - Unarmed
rCold   . . .        (no shield)
rNeg    . . .        (body armour unavailable)
rPois   .            (helmet currently unavailable)
rElec   .            (no cloak)
rCorr   .            (no gloves)
SInv    .            (boots currently unavailable)
Will    .....        (no amulet)
Stlth   ++           (no ring)
HPRegen 0.25/turn    (no ring)
MPRegen 0.10/turn

%: no passive effects
@: appendages
A: horns 2, talons 2, AC +5, unfitting armour, cold-blooded
a: End Transformation


You were on level 4 of the Dungeon.
You had temporarily grown beastly horns and talons.
You visited 1 branch of the dungeon, and saw 4 of its levels.

You collected 142 gold pieces.

Inventory:

Jewellery
 t - a ring of poison resistance
Wands
 p - a wand of mindburst (10)
Scrolls
 b - 3 scrolls of amnesia {unknown}
 c - a scroll of torment {unknown}
 e - 2 scrolls of blinking {unknown}
 f - a scroll of fear {unknown}
 h - 2 scrolls of noise {unknown}
 j - 2 scrolls of magic mapping {unknown}
 k - 3 scrolls of identify {unknown}
 l - a scroll of fog {unknown}
 q - a scroll of poison {unknown}
 r - a scroll of vulnerability {unknown}
Potions
 a - 3 potions of lignification
 d - a potion of berserk rage {unknown}
 g - a potion of might {unknown}
 i - 2 potions of cancellation {unknown}
 m - a potion of heal wounds {unknown}
 n - a potion of curing {unknown}
 o - a potion of invisibility {unknown}
 s - a potion of flight {unknown}
 u - a potion of attraction {unknown}


   Skills:
 + Level 1.2 Fighting
 + Level 2.7 Dodging
 + Level 1.3 Stealth
 + Level 4.2 Unarmed Combat
 + Level 2.2 Spellcasting
 + Level 2.1 Transmutations


You had 6 spell levels left.
You knew the following spells:

 Your Spells              Type           Power      Damage    Failure   Level
a - Beastly Appendage     Tmut           12%        N/A       11%         1

Your spell library contained the following spells:

 Spells                   Type           Power      Damage    Failure   Level
 Wereblood                Tmut           6%         N/A       16%         2
 Apportation              Tloc           2%         N/A       26%         1
 Necrotise                Necr           4%         1d4       26%         1
 Summon Small Mammal      Summ           4%         N/A       26%         1
 Cigotuvi's Dreadful Rot  Necr/Pois/Air  2%         N/A       36%         2
 Spider Form              Tmut/Pois      4%         N/A       43%         3
 Ice Form                 Ice/Tmut       4%         N/A       85%         4
 Dispel Undead            Necr           1%         3d6       94%         4
 Death Channel            Necr           0%         N/A       100%        6


Dungeon Overview and Level Annotations

Branches:
Dungeon (4/15)
 Temple: D:4-7

Altars:


Innate Abilities, Weirdness & Mutations

You have temporarily grown beastly horns and talons.
Your plain brown scales are hard. (AC +5)
You cannot fit into any form of body armour.
You are cold-blooded and may be slowed by cold attacks.


Message History

The river rat bites you!
You closely miss the river rat.
The river rat is heavily wounded.
The river rat completely misses you.
You hit the river rat but do no damage.
The river rat is moderately wounded.
The river rat closely misses you.
You closely miss the river rat.
Your tail-slap misses the river rat.
Your punch misses the river rat.
The river rat is moderately wounded.
The river rat misses you.
You barely miss the river rat. Your punch misses the river rat.
The river rat is moderately wounded.
The river rat bites you but does no damage.
You closely miss the river rat.
The river rat is moderately wounded.
The river rat bites you but does no damage.
You closely miss the river rat.
The river rat is moderately wounded.
The river rat bites you.
You barely miss the river rat.
The river rat is moderately wounded.
The river rat bites you! What are your orders? t - Shout!
Orders for allies: a - Attack new target. r - Retreat! s - Stop attacking. g - Guard the area. f - Follow me.
Anything else - Cancel.
Okay, then.
Casting: Beastly Appendage (safe; 11% risk of failure)
Confirm with . or Enter, or press ? or * to list all spells.
You grow a pair of large bovine horns.
Your feet morph into talons.
The river rat bites you.
* * * LOW HITPOINT WARNING * * *
You hit the river rat but do no damage.
You claw the river rat, but do no damage.
The river rat is moderately wounded.
The river rat bites you!
You die...

#########
###.@r..~~#
##...##.~~~+
#..####.~~~#
####.##
#...~#
#....#
#...~~~
##.##.#
#.?.~~.~~
###.†##...
#.....~~.
##...#####.#
#........
#..###
..........##


You could see a river rat.

Vanquished Creatures
  4 adders
  2 worms (D:4)
  2 orcs (D:3)
  3 ball pythons
  3 endoplasms
  6 hobgoblins
  4 quokkas
  5 bats
  10 goblins
  12 kobolds
  8 rats
59 creatures vanquished.

Notes
Turn   | Place    | Note
-------+----------+-------------------------------------------
     0 | D:1      | Mysteryquy the Draconian Transmuter began the quest for the
                  | Orb.
     0 | D:1      | Reached XP level 1. HP: 16/16 MP: 3/3
   175 | D:1      | Reached XP level 2. HP: 19/23 MP: 5/5
   822 | D:2      | Reached XP level 3. HP: 14/28 MP: 6/6
   908 | D:2      | Reached skill level 1 in Stealth
  1133 | D:2      | Reached skill level 4 in Unarmed Combat
  1157 | D:2      | Found a faded altar of an unknown god.
  1273 | D:2      | Reached XP level 4. HP: 32/35 MP: 7/7
  2085 | D:4      | Slain by a river rat

Illustrated notes

Levels and vault maps discovered:
D:1:      minmay_arrival_jagged, layout_loops_ring
D:2:      layout_rooms, hellmonk_ecumenical_altar_arch_garden
D:3:      layout_basic, minivault_19
D:4:      layout_rooms, portal_sewer_entry_e, uniq_ijyb, uniq_sigmund,
          uniq_natasha, uniq_grinder

Skill      XL: |  1  2  3 |
---------------+----------+-----
Dodging        | 2 |  2.7
Stealth        | 1 |  1.3
Unarmed Combat | 4 |  4.2
Fighting       | |  1.2
Spellcasting   | |  2.2
Transmutations | |  2.1

Action                     |  1- 3 |  4- 6 || total
---------------------------+-------+-------++-------
  Melee: Unarmed           |   134 |    81 ||   215
         Tailslap          |    12 |    11 ||    23
         Punch             |     3 |       ||     3
         Kick              |     1 |     5 ||     6
         Headbutt          |       |     2 ||     2
   Cast: Beastly Appendage |     2 |     2 ||     4
   Stab: Sleeping          |     2 |     2 ||     4
 Armour: Skin              |    37 |    20 ||    57
  Dodge: Dodged            |    86 |    48 ||   134
